 Dungeon Crawl Stone Soup version 0.30-a0-862-g1aabd4f9c5 (webtiles) character file.

Game seed: 10084738868048428656

94 eruonna the Slasher (level 4, -4/33 HPs)
             Began as a Djinni Gladiator on Mar 8, 2023.
             Blown up by Ijyb (10 damage)
             ... with a mindburst bolt
             ... on level 3 of the Dungeon.
             The game lasted 00:10:58 (1902 turns).

eruonna the Slasher (Djinni Gladiator)              Turns: 1902, Time: 00:10:58

Health: -4/33      AC:  4    Str: 15    XL:     4   Next: 94%
Gold:   122        EV: 12    Int:  9    God:
                   SH:  0    Dex: 15

rFire   + + .      SeeInvis .    a - +0 long sword
rCold   x . .      Faith    .    (no shield)
rNeg    . . .      Spirit   .    b - +0 leather armour
rPois   ∞          Reflect  .    c - +0 helmet
rElec   .          Rampage  .    (no cloak)
rCorr   .                        (no gloves)
Will    .....                    (boots unavailable)
Stlth   +                        (no amulet)
HPRegen 0.25/turn                (no ring)
MPRegen 0.00/turn                (no ring)

@: flying, invisible
A: sickness immunity, fire resistance 2, cold vulnerability 1, float, innate
caster, HP casting, extra vitality 1
a: no special abilities


You were on level 3 of the Dungeon.
You visited 1 branch of the dungeon, and saw 3 of its levels.

You collected 122 gold pieces.

Inventory:

Hand Weapons
 a - a +0 long sword (weapon)
Missiles
 d - 3 throwing nets (quivered)
 e - a javelin
 g - 21 stones
Armour
 b - a +0 leather armour (worn)
 c - a +0 helmet (worn)
 i - a +0 chain mail
 k - a +2 chain mail of willpower
Scrolls
 h - 2 scrolls of teleportation
 m - a scroll of enchant weapon {unknown}
 n - a scroll of vulnerability {unknown}
 o - a scroll of enchant armour {unknown}
Potions
 f - 2 potions of curing
 p - a potion of heal wounds {unknown}


   Skills:
 - Level 2.0 Fighting
 + Level 4.8 Long Blades
 - Level 1.5 Throwing
 - Level 3.2 Dodging


You knew the following spells:

 Your Spells              Type           Power      Damage    Failure   Level
a - Sandblast             Erth           0%         2d4       45%         1
Your spell library was empty.

Dungeon Overview and Level Annotations

Branches:
Dungeon (3/15)

Altars:

Annotations:
D:3 Ijyb


Innate Abilities, Weirdness & Mutations

You are immune to sickness and miasma.
You are immune to poison.
Your flesh is very heat resistant. (rF++)
You are vulnerable to cold. (rC-)
You float through the air rather than walking.
You learn spells naturally, not from books.
Your magical power is your life essence.
You have superior vitality. (+4 MHP)


Message History

Level annotation: Ijyb The hobgoblin hits you but does no damage.
There is a stone staircase leading up here.
The hobgoblin barely misses you.
You fly upwards.
There is a stone staircase leading down here.
You closely miss the hobgoblin. The hobgoblin closely misses you.
You hit the hobgoblin but do no damage. The hobgoblin hits you. x2
You slash the hobgoblin!
You kill the hobgoblin!
Things that are here:
a +0 short sword; a hobgoblin corpse
There is a stone staircase leading down here.
You fly downwards.
Level annotation: Ijyb Ijyb zaps a wand.
Your mind is blasted!
There is a stone staircase leading up here.
Ijyb hits you with a +0 dagger.
You hit Ijyb.
Ijyb is lightly wounded.
Ijyb hits you but does no damage.
You hit Ijyb but do no damage. You punch Ijyb.
Ijyb is lightly wounded.
Ijyb zaps a wand.
Your mind is blasted!
Ouch! That really hurt!
You hit Ijyb.
Ijyb is lightly wounded.
Ijyb hits you with a +0 dagger.
You hit Ijyb but do no damage.
Ijyb is lightly wounded.
Ijyb hits you with a +0 dagger.
* * * LOW HITPOINT WARNING * * *
You slash Ijyb!
Ijyb is heavily wounded.
Ijyb hits you with a +0 dagger.
* * * LOW HITPOINT WARNING * * *
It was a potion of invisibility.
You fade into invisibility!
Ijyb zaps a wand.
Your mind is blasted!
You die...

.......Ko.....#
#####...#####.#
..##...# # #.##...#
####.##...#
#..)......# #.##.#
#.##.##.#######
#..†<@g.......##
......#.#.(.......#
##### #...>....#..#
#......[.#..#####
#.#...##........#
............<#
#.......##.##.#
###.###.......# #.
####.####


You could see Ijyb (unable to see you).

Vanquished Creatures
  An orc wizard (D:2)
  2 adders (D:2)
  A worm (D:2)
  A dart slug (D:1)
  An orc (D:2)
  4 bats
  3 endoplasms
  2 giant cockroaches (D:1)
  4 goblins (D:1)
  6 hobgoblins
  2 jackals (D:2)
  2 ball pythons (D:1)
  2 frilled lizards
  6 kobolds
  7 rats
44 creatures vanquished.

Notes
Turn   | Place    | Note
-------+----------+-------------------------------------------
     0 | D:1      | eruonna the Djinni Gladiator began the quest for the Orb.
     0 | D:1      | Reached XP level 1. HP: 18/18 MP: 0/0
   162 | D:1      | Reached skill level 3 in Long Blades
   176 | D:1      | Reached XP level 2. HP: 23/23 MP: 0/0
   710 | D:1      | Reached XP level 3. HP: 26/28 MP: 0/0
   710 | D:1      | Learned a level 1 spell: Sandblast
  1143 | D:2      | Reached skill level 4 in Long Blades
  1406 | D:2      | Reached XP level 4. HP: 23/33 MP: 0/0
  1867 | D:3      | Noticed Ijyb
  1902 | D:3      | Blown up by Ijyb

Illustrated notes

Levels and vault maps discovered:
D:1:      nagdon_arrival_double_spiral, layout_loops_corners
D:2:      layout_loops_ring
D:3:      layout_loops_cross, kennysheep_cross_room, uniq_ijyb

Skill      XL: |  1  2  3 |
---------------+----------+-----
Long Blades    | 3 4 |  4.8
Fighting       | |  2.0
Throwing       | |  1.5
Dodging        | |  3.2

Action                     |  1- 3 |  4- 6 || total
---------------------------+-------+-------++-------
  Melee: Long sword        |   115 |    38 ||   153
         Punch             |       |     2 ||     2
    Use: Scroll            |     2 |     3 ||     5
         Potion            |       |     1 ||     1
   Stab: Sleeping          |     2 |       ||     2
 Armour: Leather armour    |    38 |     9 ||    47
         Chain mail        |     4 |       ||     4
  Dodge: Dodged            |    70 |    20 ||    90

Table legend: (Time is in decaauts)
 A = Elapsed time spent in this place.
 B = Non-inter-level travel time spent in this place.
 C = Inter-level travel time spent in this place.
 D = Time resting spent in this place.
 E = Time spent auto-exploring this place.
 F = Levels seen in this place.
 G = Mean time per level.
                   A        B        C        D        E       F      G
               +--------+--------+--------+--------+--------+-----+--------+
         Total |   1936 |   1878 |     58 |    108 |   1283 |   3 |  645.3 |
       Dungeon |   1936 |   1878 |     58 |    108 |   1283 |   3 |  645.3 |
               +--------+--------+--------+--------+--------+-----+--------+

Top non-repeatable levels by time:
     D:1: 1016 daAuts
     D:2: 877 daAuts
     D:3: 43 daAuts
